 Dungeon Crawl Stone Soup version 0.29-a0-284-gf9362112df (webtiles) character file.

Game seed: 11208403570181320793

44 flyleaff the Grave Robber (level 3, -1/25 HPs)
             Began as a Demonspawn Necromancer on Mar 16, 2022.
             Slain by a gnoll
             ... wielding a +0 whip
              (6 damage)
             ... on level 1 of the Dungeon.
             The game lasted 00:05:15 (2004 turns).

flyleaff the Grave Robber (Demonspawn Necromancer)  Turns: 2004, Time: 00:05:17

Health: -1/25      AC:  2    Str:  8    XL:     3   Next: 41%
Magic:  4/6        EV: 12    Int: 18    God:
Gold:   79         SH:  0    Dex: 13    Spells: 5/6 levels left

rFire   . . .      SeeInvis .   f - staff of death
rCold   . . .      Faith    .   (no shield)
rNeg    + . .      Spirit   .   a - +0 robe
rPois   .          Reflect  .   (no helmet)
rElec   .          Harm     .   (no cloak)
rCorr   .          Rampage  .   (no gloves)
Will    .....                   (no boots)
Stlth   ++........              (no amulet)
HPRegen 0.08/turn               (no ring)
MPRegen 0.10/turn               (no ring)

@: no status effects
A: hooves 1, demonic magic 1
a: no special abilities


You were on level 1 of the Dungeon.
You visited 1 branch of the dungeon, and saw 2 of its levels.

You collected 79 gold pieces.

Inventory:

Hand Weapons
 c - a +0 whip
Armour
 a - a +0 robe (worn)
Magical Staves
 f - a staff of death (weapon)
Scrolls
 b - a scroll of teleportation {unknown}
 d - a scroll of enchant armour {unknown}
 g - a scroll of identify {unknown}
 i - a scroll of magic mapping {unknown}
Potions
 e - 3 potions of attraction {unknown}
 h - 2 potions of curing
 j - a potion of degeneration {unknown}


   Skills:
 - Level 0.9 Fighting
 - Level 2.1 Dodging
 - Level 1.7 Stealth
 - Level 2.2 Spellcasting
 - Level 4.6 Necromancy
 + Level 1.8 Evocations


You had 5 spell levels left.
You knew the following spells:

 Your Spells              Type           Power      Damage    Failure   Level
a - Pain                  Necr           100%       1d9       2%          1

Your spell library contained the following spells:

 Spells                   Type           Power      Damage    Failure   Level
 Animate Skeleton         Necr           56%        N/A       2%          1
 Vampiric Draining        Necr           28%        2d8       8%          3
 Animate Dead             Necr           14%        N/A       26%         4
 Agony                    Necr           28%        N/A       58%         5


Dungeon Overview and Level Annotations

Branches:
Dungeon (2/15)

Altars:


Innate Abilities, Weirdness & Mutations

You have large cloven feet.
Spells you cast may paralyse adjacent enemies.


Message History

Malevolent energies surge around you.
Magic restored.
HP restored.
Partly explored, can't reach some places.
You climb downwards.
The gnoll hits you with a +0 whip. The gnoll hits you with a +0 club!
There is a stone staircase leading up here.
The gnoll closely misses you. x2
You climb upwards.
There is a stone staircase leading down here.
Aiming: Pain (safe; 2% risk of failure)
Press: ? - help, Q - select action Shift-Dir - straight line, f - gnoll
Aim: a gnoll, wielding a +0 club (chance to affect: 88%)
You feel a surge of power!
The gnoll writhes in agony!
Malevolent energies surge around you.
The gnoll suddenly stops moving! x2
The helpless gnoll fails to defend itself.
You hit the gnoll but do no damage.
The gnoll writhes in agony.
The gnoll is almost dead.
You are too injured to fight recklessly!
Okay, then.
You are too injured to fight recklessly!
You are too injured to fight recklessly!
The helpless gnoll fails to defend itself.
You hit the gnoll.
The gnoll is almost dead.
The helpless gnoll fails to defend itself.
You hit the gnoll but do no damage. You kick the gnoll.
You kill the gnoll!
The helpless gnoll fails to defend itself.
You hit the gnoll but do no damage.
The gnoll is no longer paralysed.
The gnoll hits you with a +0 whip.
* * * LOW HITPOINT WARNING * * *
Aiming: Pain (safe; 2% risk of failure)
Press: ? - help, Q - select action Shift-Dir - straight line, f - gnoll
Aim: a gnoll, wielding a +0 whip (chance to affect: 88%)
You feel a surge of power!
The gnoll writhes in agony.
Malevolent energies surge around you. The gnoll hits you with a +0 whip.
You die...

....# #.##....##...####.....#
###.# #.......##...#........#
..#.##########.#..##.≈.####.....#
..#....)..........##.≈.# #.....#
..#############...##.≈.# ########
..# #....#...###....... ..#
#######....#...#......... ..#
#........g.##+##.#....... ..#
#......)@###...#.#....... ..#
#........###.#.#####.#### ..#
#..(.....##.###.####.#### ###
#......).##.#.#.##.......
#........#.##.##.#.......
#.......##)#...#.##......
#.......#.##..###.#......
#.......#.#...# #.#......
#.............# #........


You could see a gnoll.

Vanquished Creatures
  A gnoll (D:1)
  2 ball pythons (D:1)
  2 bats
  An endoplasm (D:2)
  2 giant cockroaches (D:1)
  2 goblins
  4 hobgoblins
  3 jackals (D:1)
  5 kobolds (D:1)
  3 quokkas
  3 frilled lizards
  A rat (D:2)
29 creatures vanquished.

Notes
Turn   | Place    | Note
-------+----------+-------------------------------------------
     0 | D:1      | flyleaff the Demonspawn Necromancer began the quest for the
                  | Orb.
     0 | D:1      | Reached XP level 1. HP: 13/13 MP: 3/3
   438 | D:1      | Gained mutation: Spells you cast may paralyse adjacent
                  | enemies. [demonic ancestry]
   438 | D:1      | Reached XP level 2. HP: 2/20 MP: 0/5
   438 | D:1      | HP: 1/20 [jackal (1)]
  1450 | D:2      | Reached skill level 1 in Evocations
  1505 | D:2      | Discovered your monstrous ancestry.
  1505 | D:2      | Gained mutation: You have large cloven feet. [demonic
                  | ancestry]
  1505 | D:2      | Reached XP level 3. HP: 23/25 MP: 3/6
  2004 | D:1      | Slain by a gnoll

Illustrated notes

Levels and vault maps discovered:
D:1:      dpeg_arrival_boxes_within_box, layout_basic,
          chequers_serial_rivers_large_a, grunt_decor_clamped
D:2:      layout_loops_ring, serial_glass, glass_columns_b, glass_columns_a

Skill      XL: |  1  2 |
---------------+-------+-----
Dodging        | 2 |  2.1
Evocations     | 1 |  1.8
Fighting       | |  0.9
Stealth        | |  1.7
Spellcasting   | |  2.2
Necromancy     | |  4.6

Action                   || total
-------------------------++-------
Melee: Staff             ||    14
       Kick              ||     4
 Cast: Pain              ||    51
  Use: Potion            ||     3
 Stab: Paralysed         ||     6
Armor: Robe              ||     5
Dodge: Dodged            ||    20

Table legend: (Time is in decaauts)
 A = Elapsed time spent in this place.
 B = Non-inter-level travel time spent in this place.
 C = Inter-level travel time spent in this place.
 D = Time resting spent in this place.
 E = Time spent auto-exploring this place.
 F = Levels seen in this place.
 G = Mean time per level.
                   A        B        C        D        E       F      G
               +--------+--------+--------+--------+--------+-----+--------+
         Total |   2026 |   1994 |     32 |      0 |   1794 |   2 | 1013.0 |
       Dungeon |   2026 |   1994 |     32 |      0 |   1794 |   2 | 1013.0 |
               +--------+--------+--------+--------+--------+-----+--------+

Top non-repeatable levels by time:
     D:1: 1705 daAuts
     D:2: 320 daAuts
